 Dungeon Crawl Stone Soup version 0.30-b1-2-g02819fbbbe (webtiles) character file.

Game seed: 1963562801377293261

428 ketsa the Magician (level 6, 0/32 HPs)
             Began as a Deep Elf Air Elementalist on May 12, 2023.
             Slain by a scorpion (7 damage)
             ... on level 4 of the Dungeon.
             The game lasted 00:18:04 (3685 turns).

ketsa the Magician (Deep Elf Air Elementalist)      Turns: 3685, Time: 00:18:05

Health: 0/32       AC:  3    Str:  5    XL:     6   Next: 65%
Magic:  19/25      EV: 12    Int: 22    God:
Gold:   147        SH:  0    Dex: 15    Spells: 10/16 levels left

rFire   . . .        r - staff of poison
rCold   . . .        (no shield)
rNeg    . . .        a - +0 robe
rPois   +            (no helmet)
rElec   .            (no cloak)
rCorr   .            (no gloves)
SInv    +            p - +0 pair of boots
Will    .....        (no amulet)
Stlth   ++           l - ring of see invisible
HPRegen 0.25/turn    n - ring of magical power
MPRegen 0.19/turn

%: no passive effects
@: no status effects
A: no striking features
a: no special abilities


You were on level 4 of the Dungeon.
You visited 2 branches of the dungeon, and saw 6 of its levels.

You collected 147 gold pieces.

Inventory:

Hand Weapons
 f - a +0 dagger
 q - a +0 short sword
Missiles
 d - 6 silver boomerangs (quivered)
 g - 42 stones
 t - a boomerang
Armour
 a - a +0 robe (worn)
 p - a +0 pair of boots (worn)
 y - a scarf of harm
Magical Staves
 r - a staff of poison (weapon)
Jewellery
 l - a ring of see invisible (left hand)
 n - a ring of magical power (right hand)
Scrolls
 c - 2 scrolls of poison {unknown}
 h - 2 scrolls of teleportation {unknown}
 i - 2 scrolls of magic mapping {unknown}
 j - a scroll of amnesia {unknown}
 k - a scroll of enchant weapon {unknown}
 m - a scroll of fog {unknown}
 x - 2 scrolls of immolation {unknown}
Potions
 b - 2 potions of magic
 o - 2 potions of flight
 s - 2 potions of might
 u - 2 potions of curing
 v - 4 potions of heal wounds
 z - a potion of haste


   Skills:
 - Level 2.4 Dodging
 - Level 2.4 Stealth
 + Level 5.6 Spellcasting
 + Level 4.1 Conjurations
 * Level 5.3 Air Magic


You had 10 spell levels left.
You knew the following spells:

 Your Spells              Type           Power      Damage    Failure   Level
a - Shock                 Conj/Air       100%       1d9       1%          1
b - Static Discharge      Conj/Air       54%        2-5/arc   1%          2
c - Swiftness             Air            29%        N/A       3%          3

Your spell library contained the following spells:

 Spells                   Type           Power      Damage    Failure   Level
 Airstrike                Air            14%        2d(3-19)  11%         4
 Call Canine Familiar     Summ           6%         N/A       28%         3
 Portal Projectile        Hex/Tloc       12%        N/A       28%         3
 Leda's Liquefaction      Hex/Erth       3%         N/A       67%         4


Dungeon Overview and Level Annotations

Branches:
Dungeon (5/15)             Temple (1/1) D:4

Altars:
Ashenzari
Cheibriados
Fedhas
Gozag
Hepliaklqana
Kikubaaqudgha
Makhleb
Nemelex Xobeh
Okawaru
Sif Muna
Trog
Uskayaw
Vehumet
Wu Jian
Xom
Yredelemnul
Zin
The Shining One

Shops:
D:3 *   D:4 =

Annotations:
D:3 exclusion: phantom, Ijyb
D:4 exclusion: downstairs, Duvessa
D:5 Pikel


Message History

As you read the scroll of blinking, it crumbles to dust.
Casting: Shock (safe; 1% risk of failure)
Confirm with . or Enter, or press ? or * to list all spells.
Aiming: Shock (safe; 1% risk of failure)
Press: ? - help, Shift-Dir - straight line, f - scorpion
Aim: a scorpion (lightly wounded, 74% to hit)
The zap hits the scorpion but does no damage.
The scorpion is lightly wounded.
Casting: Shock (safe; 1% risk of failure)
Confirm with . or Enter, or press ? or * to list all spells.
Aiming: Shock (safe; 1% risk of failure)
Press: ? - help, Shift-Dir - straight line, f/p - scorpion
Aim: a scorpion (lightly wounded, 74% to hit)
The zap hits the scorpion.
The scorpion is moderately wounded.
Casting: Shock (safe; 1% risk of failure)
Confirm with . or Enter, or press ? or * to list all spells.
Aiming: Shock (safe; 1% risk of failure)
Press: ? - help, Shift-Dir - straight line, f/p - scorpion
Aim: a scorpion (moderately wounded, 74% to hit)
The zap hits the scorpion.
The scorpion is moderately wounded.
Casting: Shock (safe; 1% risk of failure)
Confirm with . or Enter, or press ? or * to list all spells.
Aiming: Shock (safe; 1% risk of failure)
Press: ? - help, Shift-Dir - straight line, f/p - scorpion
Aim: a scorpion (moderately wounded, 74% to hit)
The zap hits the scorpion!
The scorpion is severely wounded.
The scorpion stings you.
* * * LOW HITPOINT WARNING * * *
Casting: Shock (safe; 1% risk of failure)
Confirm with . or Enter, or press ? or * to list all spells.
Aiming: Shock (safe; 1% risk of failure)
Press: ? - help, Shift-Dir - straight line, f/p - scorpion
Aim: a scorpion (severely wounded, 74% to hit)
The zap hits the scorpion but does no damage.
The scorpion is severely wounded.
The scorpion stings you!
You die...

....#.....####....#####....#.....
##'####'#........>#...#....#'####
........'.........#...#....#...##
........#.........#...#....#.....
#########.........#...#....#.....
..................#...#....#.....
..................#...#....#...##
................s.#...#....#+####
................@####'####.#...##
#'####'###.......#.......#.#.....
....'....#.......#.⌠...⌠.#.#.....
....#....#.......#.......#.# ..##
....###'##.......+...⌠...'.######
#####............#.......#.#...##
..........##'#...#.⌠...⌠.#.#...#.
...#########.#...#.......#.#...#.
...##~~≈~~##.#...####'####.#'####


You could see a scorpion.

Vanquished Creatures
  A phantom (D:3)
  2 scorpions
  3 hounds
  An iguana (D:4)
  A sleepcap (D:4)
  3 adders
  An ufetubus (D:4)
  A worm (D:4)
  A dart slug (D:2)
  An orc (D:3)
  5 bats
  4 endoplasms
  2 giant cockroaches
  6 goblins
  5 hobgoblins
  2 quokkas (D:3)
  4 ball pythons
  3 frilled lizards (D:1)
  7 kobolds
  5 rats
  A spectral kobold (D:4)
59 creatures vanquished.

Notes
Turn   | Place    | Note
-------+----------+-------------------------------------------
     0 | D:1      | ketsa the Deep Elf Air Elementalist began the quest for the
                  | Orb.
     0 | D:1      | Reached XP level 1. HP: 10/10 MP: 6/6
   331 | D:1      | Reached XP level 2. HP: 15/15 MP: 4/8
   932 | D:2      | Reached XP level 3. HP: 19/19 MP: 6/10
  1339 | D:2      | Learned a level 2 spell: Static Discharge
  1835 | D:3      | Found an iron altar of Okawaru.
  1916 | D:3      | Found Rerotz's Assorted Antiques.
  1957 | D:3      | Found a hide-covered altar of Uskayaw.
  1985 | D:3      | Noticed a phantom
  2032 | D:3      | Killed a phantom
  2033 | D:3      | Reached XP level 4. HP: 16/24 MP: 12/12
  2134 | D:3      | Noticed a phantom
  2374 | D:3      | Found a faded altar of an unknown god.
  2411 | D:3      | Noticed a scorpion
  2411 | D:3      | Noticed Ijyb
  2513 | D:3      | Reached XP level 5. HP: 28/28 MP: 14/14
  2687 | D:3      | Reached skill level 5 in Spellcasting
  2930 | D:4      | Found a hazy altar of Hepliaklqana.
  3167 | D:4      | Found a staircase to the Ecumenical Temple.
  3189 | D:4      | Reached XP level 6. HP: 32/32 MP: 15/15
  3239 | D:5      | Entered Level 5 of the Dungeon
  3255 | D:5      | Reached skill level 5 in Air Magic
  3262 | D:5      | Learned a level 3 spell: Swiftness
  3293 | D:5      | Noticed Pikel
  3316 | D:4      | Found Kur Ohai's Jewellery Shop.
  3487 | D:4      | Noticed Duvessa
  3628 | Temple   | Entered the Ecumenical Temple
  3685 | D:4      | Slain by a scorpion

Illustrated notes

Levels and vault maps discovered:
D:1:      eino_arrival_cavern_d, layout_loops_cross
D:2:      layout_loops_ring
D:3:      layout_basic, okawaru_ov_weapons_minmay, general_overflow_altar,
          serial_shops, shop, dreamdust_ecumenical_altar_angels_and_demons,
          minmay_ruptured, uniq_ijyb, uniq_natasha
D:4:      layout_gridville, nicolae_hepliaklqana_monster_ancestors,
          minmay_temple_entry_from_below_a, serial_shops, shop,
          minmay_fountain_box, uniq_duvessa
D:5:      layout_rooms, portal_sewer_entry_f, uniq_pikel
Temple:   nicolae_temple_no_exploring_needed

Skill      XL: |  1  2  3  4  5  6 |
---------------+-------------------+-----
Conjurations   | 2 3 4 |  4.1
Spellcasting   | 4 5 |  5.6
Air Magic      | 4 5 |  5.3
Dodging        | |  2.4
Stealth        | |  2.4

Action                     |  1- 3 |  4- 6 || total
---------------------------+-------+-------++-------
  Melee: Dagger            |     4 |       ||     4
         Staff             |     1 |       ||     1
  Throw: Boomerang         |     1 |     1 ||     2
   Cast: Shock             |    66 |    90 ||   156
         Static Discharge  |       |     2 ||     2
    Use: Scroll            |     2 |     6 ||     8
 Armour: Robe              |     9 |     4 ||    13
  Dodge: Dodged            |     9 |     5 ||    14
